 Dungeon Crawl Stone Soup version 0.31-a0-940-gdaa99269f9 (webtiles) character file.

Game seed: 7269677033620496163

28123 sammy202020 the Fighter (level 13, -6/123 HPs)
             Began as a Minotaur Berserker on Oct 21, 2023.
             Was a High Priest of Trog.
             Shot with an arrow by Nessos (7 damage)
             ... on level 14 of the Dungeon.
             The game lasted 00:24:34 (12231 turns).

sammy202020 the Fighter (Minotaur Berserker)       Turns: 12231, Time: 00:24:34

Health: -6/123     AC: 24    Str: 27    XL:     13   Next: 8%
Magic:  12/12      EV: 15    Int:  7    God:    Trog [*****.]
Gold:   1199       SH: 17    Dex: 11    Spells: 12/12 levels left

rFire   + . .        m - +6 war axe (flame)
rCold   + . .        o - +2 kite shield {rN+}
rNeg    + + .        d - +3 plate armour {Will+}
rPois   .            (helmet restricted)
rElec   .            b - +0 cloak
rCorr   +            k - +1 pair of gloves
SInv    .            q - +0 pair of boots
Will    +....        i - amulet "Getsiuw" {RegenMP rC+ rN+} Stlth
                     E - ring of resist corrosion
HPRegen 0.40/turn    H - +5 ring of evasion
MPRegen 0.53/turn

%: no passive effects
@: hasted, very quick
A: horns 2, retaliatory headbutt, large bone plates 1, thin skeletal structure
1, fire resistance 1, strong 1, MP-powered wands
a: Renounce Religion, Berserk, Trog's Hand, Brothers in Arms


You were on level 14 of the Dungeon.
You worshipped Trog.
Trog was extremely pleased with you.
You visited 1 branch of the dungeon, and saw 14 of its levels.
You also visited: Bailey.

You collected 1427 gold pieces.
You spent 228 gold pieces at shops.

Inventory:

Hand Weapons
 m - a +6 war axe of flaming (weapon)
 n - a +0 arbalest
 t - the +9 hammer of Hepliaklqana, Inviting {flame, Int+2}
   (You found it on level 7 of the Dungeon)

   Int+2:     It affects your intelligence (+2).
Missiles
 v - 14 boomerangs
Armour
 b - a +0 cloak (worn)
 d - a +3 plate armour of willpower (worn)
 k - a +1 pair of gloves (worn)
 o - a +2 kite shield of positive energy (worn)
 q - a +0 pair of boots (worn)
Jewellery
 i - the amulet "Getsiuw" (around neck) {RegenMP rC+ rN+}
   (You found it on level 3 of the Dungeon)

   [amulet of magic regeneration]

   RegenMP:   It increases your rate of magic regeneration.
   rC+:       It protects you from cold.
   rN+:       It protects you from negative energy.
 w - an amulet of reflection
 E - a ring of resist corrosion (left hand)
 H - a +5 ring of evasion (right hand)
 J - a +4 ring of protection
Wands
 j - a wand of iceblast (23)
 p - a wand of flame (10)
 y - a wand of mindburst (5)
 C - a wand of paralysis (18)
 D - a wand of light (5)
Scrolls
 g - a scroll of poison
 l - 3 scrolls of noise
 r - a scroll of torment
 s - 2 scrolls of revelation
 u - 2 scrolls of vulnerability
 x - 4 scrolls of teleportation
 I - 3 scrolls of identify
Potions
 a - 2 potions of brilliance
 c - 2 potions of haste
 e - 2 potions of mutation
 f - 8 potions of curing
 h - 2 potions of heal wounds
 z - a potion of attraction
 A - 2 potions of berserk rage
 B - a potion of might
 F - 2 potions of cancellation
Miscellaneous
 G - a phial of floods


   Skills:
 * Level 13.6 Fighting
 * Level 13.5 Axes
 * Level 13.2 Armour
 + Level 7.8 Dodging
 * Level 11.7 Shields


You had 12 spell levels left.
You didn't know any spells.
Your spell library was empty.

Dungeon Overview and Level Annotations

Branches:
Dungeon (14/15)            Temple (0/1) D:5            Lair (0/5) D:11
    Orc (0/2) D:11         Vaults (0/5) D:13         Bailey (visited)

Altars:
Dithmenos
Fedhas
Kikubaaqudgha
Trog
Wu Jian
Xom
Yredelemnul

Shops:
D:4 **   D:8 :   D:12 =

Portals:
Trove: D:12 (show slimy rune of Zot)

Annotations:
D:14 Nessos


Innate Abilities, Weirdness & Mutations

You have a pair of horns on your head.
You reflexively headbutt those who attack you in melee.
You are partially covered in large bone plates. (SH +4)
You have a somewhat thin skeletal structure. (Dex +2, Stealth+)
Your flesh is heat resistant. (rF+)
Your muscles are strong. (Str +4, Int/Dex -1)
You expend magic power (3 MP) to strengthen your wands.


Message History

You feel much better.
You feel very sick.
Nessos wields a +2 longbow of flaming.
It bursts into flame!
Nessos shoots an arrow.
You block the arrow.
Nessos shoots an arrow.
The arrow hits you! The arrow burns you.
You feel yourself speed up.
You feel sick.
Nessos shoots an arrow.
The arrow hits you!
* * * LOW HITPOINT WARNING * * *
You are more poisoned.
Nessos shoots an arrow.
The arrow hits you!
* * * LOW HITPOINT WARNING * * *
The arrow burns you.
You are lethally poisoned!
* * * LOW HITPOINT WARNING * * *
You feel better.
Nessos shoots an arrow.
The arrow hits you.
* * * LOW HITPOINT WARNING * * *
The arrow burns you.
* * * LOW HITPOINT WARNING * * *
Nessos casts a spell.
Nessos blinks!
Nessos shoots an arrow.
You block the arrow.
Nessos shoots an arrow.
The arrow hits you!
* * * LOW HITPOINT WARNING * * *
You are poisoned.
Nessos shoots an arrow.
The arrow hits you.
* * * LOW HITPOINT WARNING * * *
The arrow burns you.
You are more poisoned.
* * * LOW HITPOINT WARNING * * *
You feel better.
Nessos shoots an arrow.
The arrow hits you!
* * * LOW HITPOINT WARNING * * *
Nessos mumbles some strange words.
Nessos blinks!
Nessos shoots an arrow.
You block the arrow.
There is an escape hatch in the ceiling here.
Nessos shoots an arrow.
The arrow misses you.
Nessos shoots an arrow.
The arrow hits you!
You die...

..............:.......).......
######..########..............
######..########..............
............................##
...###########..............#
...###########.##########.....
...............##########...#.
...........c................#
.###########....@........ .#
.# #............. .. .#
#..).......... # .#
##............. ....
....ยง............ .# .....
.............#### ..
..........########...# #
.......... ...# . # .........
........ #..


You could see Nessos (fast).

Vanquished Creatures
  Josephine (D:13)
  A vault guard (D:13)
  Erolcha (D:13)
  2 centaur warriors
  5 two-headed ogres
  A boulder beetle (D:13)
  5 death yaks (D:11)
  Lodul (D:13)
  An orc knight (Bailey)
  3 cyclopes
  2 deep elf pyromancers
  A manticore (D:11)
  7 ugly things
  An elephant (shapeshifter) (D:14)
  Joseph (D:9)
  An efreet (D:14)
  A kobold demonologist (D:11)
  A wolf spider simulacrum (D:14)
  A hornet (D:8)
  Prince Ribbit (D:5)
  14 slime creatures
  A wyvern (D:9)
  A shadow (D:12)
  8 wraiths
  7 yaks
  4 steam dragons
  A water moccasin (D:6)
  2 ice beasts
  11 orc warriors
  3 black bears
  8 ogres
  4 centaurs
  3 boggarts (D:14)
  A phantom (D:4)
  3 gnoll sergeants
  2 kobold brigands
  2 bullfrogs
  A scorpion (D:5)
  20 killer bees
  7 jellies
  2 gnoll boudas
  2 hounds
  An orc priest (D:9)
  Crazy Yiuf (D:7)
  3 iguanas
  5 sleepcaps
  12 orc wizards
  25 gnolls
  6 adders
  3 white imps
  8 ufetubi
  A worm (D:5)
  45 orcs
  6 endoplasms
  7 giant cockroaches
  9 goblins
  2 hobgoblins
  3 quokkas
  4 ball pythons
  2 bats
  7 frilled lizards
  18 kobolds
  3 rats (D:1)
316 creatures vanquished.

Vanquished Creatures (collateral kills)
  A quokka (D:2)
1 creature vanquished.

Grand Total: 317 creatures vanquished

Notes
Turn   | Place    | Note
-------+----------+-------------------------------------------
     0 | D:1      | sammy202020 the Minotaur Berserker began the quest for the
                  | Orb.
     0 | D:1      | Reached XP level 1. HP: 19/19 MP: 0/0
   209 | D:1      | Found a faded altar of an unknown god.
   352 | D:1      | Reached XP level 2. HP: 27/27 MP: 1/1
   618 | D:2      | Reached XP level 3. HP: 18/33 MP: 2/2
   952 | D:2      | Found a basalt altar of Yredelemnul.
  1142 | D:3      | Reached ** piety under Trog
  1232 | D:3      | Found an ornate altar of the Wu Jian Council.
  1275 | D:3      | Reached XP level 4. HP: 17/41 MP: 3/3
  1392 | D:3      | Identified the amulet "Getsiuw" {RegenMP rC+ rN+}
  1590 | D:4      | Found a blossoming altar of Fedhas.
  1591 | D:4      | Found an ancient bone altar of Kikubaaqudgha.
  1656 | D:4      | Reached skill level 5 in Fighting
  1656 | D:4      | Reached XP level 5. HP: 15/48 MP: 4/4
  1794 | D:4      | Reached skill level 5 in Axes
  1810 | D:4      | Found Qingig's Overcharged Wands.
  2056 | D:4      | Noticed a phantom
  2063 | D:4      | Killed a phantom
  2115 | D:4      | Found Qaoxzeopp's Assorted Antiques.
  2124 | D:4      | Bought a scroll labelled WIBYMI EPHYA for 22 gold pieces
  2124 | D:4      | Bought a runed kite shield for 165 gold pieces
  2124 | D:4      | Bought a scroll labelled LEBOTW NAUR for 22 gold pieces
  2124 | D:4      | Bought a fuming white potion for 19 gold pieces
  3182 | D:5      | Entered Level 5 of the Dungeon
  3187 | D:5      | Reached XP level 6. HP: 56/56 MP: 5/5
  3249 | D:5      | Reached skill level 5 in Armour
  3249 | D:5      | Reached skill level 1 in Shields
  3447 | D:5      | Noticed an ice beast
  3451 | D:5      | Killed an ice beast
  3452 | D:5      | Reached XP level 7. HP: 63/63 MP: 6/6
  3530 | D:5      | Found a bloodstained altar of Trog.
  3722 | D:5      | Noticed Prince Ribbit
  3736 | D:5      | Killed Prince Ribbit
  3919 | D:5      | Reached *** piety under Trog
  3968 | D:5      | Found a staircase to the Ecumenical Temple.
  4083 | D:6      | Reached XP level 8. HP: 73/73 MP: 7/7
  4198 | D:6      | Gained mutation: You do not regenerate when monsters are
                  | visible. [potion of mutation]
  4198 | D:6      | Gained mutation: You are occasionally teleported next to
                  | monsters. [potion of mutation]
  4198 | D:6      | Gained mutation: Your flesh is heat resistant. (rF+)
                  | [potion of mutation]
  4198 | D:6      | Gained mutation: Your mind is acute. (Int +4, Str/Dex -1)
                  | [potion of mutation]
  4199 | D:6      | Lost mutation: You are occasionally teleported next to
                  | monsters. [potion of mutation]
  4199 | D:6      | Lost mutation: Your mind is acute. (Int +4, Str/Dex -1)
                  | [potion of mutation]
  4199 | D:6      | Lost mutation: You do not regenerate when monsters are
                  | visible. [potion of mutation]
  4199 | D:6      | Gained mutation: You have a somewhat thin skeletal
                  | structure. (Dex +2, Stealth+) [potion of mutation]
  4199 | D:6      | Gained mutation: You are partially covered in large bone
                  | plates. (SH +4) [potion of mutation]
  4199 | D:6      | Gained mutation: Your muscles are strong. (Str +4, Int/Dex
                  | -1) [potion of mutation]
  4199 | D:6      | Gained mutation: You expend magic power (3 MP) to
                  | strengthen your wands. [potion of mutation]
  4204 | D:6      | Noticed a slime creature
  4204 | D:6      | Noticed a slime creature
  4204 | D:6      | Noticed a slime creature
  4213 | D:6      | Killed a slime creature
  4214 | D:6      | Killed a slime creature
  4215 | D:6      | Killed a slime creature
  4482 | D:6      | Reached XP level 9. HP: 82/82 MP: 8/8
  4748 | D:6      | Identified the +4 war axe of Dishonesty {heavy, rF+}
  5243 | D:7      | Reached skill level 5 in Shields
  5404 | D:7      | Found a flagged portal.
  5415 | D:7      | Reached **** piety under Trog
  5419 | Bailey   | Entered a bailey
  5652 | Bailey   | Noticed an orc knight
  5666 | Bailey   | Killed an orc knight
  5761 | Bailey   | Reached XP level 10. HP: 92/92 MP: 9/9
  6181 | D:7      | Found a runed translucent door.
  6198 | D:7      | Identified the +9 hammer of Hepliaklqana, Inviting {flame,
                  | Int+2}
  6211 | D:7      | Noticed Crazy Yiuf
  6216 | D:7      | Killed Crazy Yiuf
  6529 | D:8      | Noticed a two-headed ogre
  6542 | D:8      | Killed a two-headed ogre
  6543 | D:8      | Reached skill level 10 in Fighting
  6543 | D:8      | Reached skill level 10 in Axes
  6956 | D:8      | Paralysed by a hornet for 1 turns
  6960 | D:8      | Paralysed by a hornet for 3 turns
  7169 | D:8      | Found Folecw's Book Boutique.
  7339 | D:9      | Reached skill level 10 in Armour
  7345 | D:9      | Reached skill level 5 in Dodging
  7439 | D:9      | Reached ***** piety under Trog
  7532 | D:9      | Noticed Joseph
  7546 | D:9      | Killed Joseph
  7571 | D:9      | Found a shimmering altar of Xom.
  7572 | D:9      | Found a shadowy altar of Dithmenos.
  7587 | D:9      | Reached XP level 11. HP: 102/102 MP: 10/10
  7907 | D:10     | Entered Level 10 of the Dungeon
  8724 | D:11     | Noticed a death yak
  8725 | D:11     | Noticed a death yak
  8727 | D:11     | Noticed a death yak
  8727 | D:11     | Noticed a death yak
  8730 | D:11     | Noticed a death yak
  8749 | D:11     | Killed a death yak
  8755 | D:11     | Killed a death yak
  8760 | D:11     | Killed a death yak
  8771 | D:11     | Killed a death yak
  8781 | D:11     | Killed a death yak
  8815 | D:11     | Found a staircase to the Lair.
  9263 | D:11     | Found a staircase to the Orcish Mines.
  9574 | D:11     | You fall into a shaft and drop 2 floors!
  9617 | D:13     | Noticed Erolcha
  9624 | D:13     | Killed Erolcha
  9726 | D:13     | Noticed a deep elf pyromancer
  9733 | D:13     | Killed a deep elf pyromancer
  9755 | D:13     | Noticed a boulder beetle
  9772 | D:13     | Killed a boulder beetle
  9817 | D:12     | Found Mabukk's Jewellery Boutique.
  9895 | D:12     | Noticed a two-headed ogre
  9901 | D:12     | Killed a two-headed ogre
  9902 | D:12     | Reached skill level 10 in Shields
  9902 | D:12     | Reached XP level 12. HP: 89/113 MP: 11/11
 10045 | D:12     | Found a portal to a secret trove of treasure.
 10295 | D:12     | Noticed a two-headed ogre
 10301 | D:12     | Killed a two-headed ogre
 10351 | D:12     | Noticed a two-headed ogre
 10357 | D:12     | Killed a two-headed ogre
 10435 | D:12     | Received a gift from Trog
 10535 | D:12     | Noticed a centaur warrior
 10545 | D:12     | Killed a centaur warrior
 10905 | D:13     | Noticed a vault guard
 10909 | D:13     | Noticed Josephine
 10914 | D:13     | Killed a vault guard
 10918 | D:13     | Killed Josephine
 10947 | D:13     | Found a gate to the Vaults.
 11148 | D:13     | Noticed Lodul
 11162 | D:13     | Killed Lodul
 11261 | D:13     | Noticed a two-headed ogre
 11269 | D:13     | Killed a two-headed ogre
 11924 | D:14     | Reached XP level 13. HP: 117/122 MP: 12/12
 12208 | D:14     | Noticed Nessos
 12229 | D:14     | HP: 1/123 [Nessos/arrow (13)]
 12231 | D:14     | Shot with an arrow by Nessos

Illustrated notes

Levels and vault maps discovered:
D:1:      wander_arrival_chamber, layout_rooms,
          shapermc_ecumenical_altar_notcrosses, minmay_worlds_worst_comb
D:2:      layout_rooms, basic_altar, minmay_tall_x
D:3:      layout_basic, nzn_wu_jian_contemplation
D:4:      layout_basic, grunt_temple_overflow_growth_and_decay, serial_shops,
          shop, nicolae_shop_overcharged_wands
D:5:      layout_basic, trog_three_pillars_becter,
          minmay_temple_entry_nine_rooms, uniq_prince_ribbit1
D:6:      cheibrodos_fertilizer, layout_loops_corners
D:7:      layout_loops_corners, enter_bailey_5, kennysheep_dice,
          uniq_crazy_yiuf_cottage
D:8:      layout_rooms, serial_shops, nicolae_shop_pleasant_corner_grove,
          kennysheep_another_room
D:9:      layout_basic, chequers_temple_overflow_statue_of_worship, uniq_joseph
D:10:     layout_irregular_city
D:11:     layout_stronghold, dpeg_lair_monsters, orc_0_dummy
D:12:     layout_irregular_city, enter_trove_0, minmay_shop_enchanted_jewellery
D:13:     layout_long_grid, hellmonk_vaults_order_and_chaos, uniq_erolcha,
          uniq_josephine, uniq_lodul
D:14:     layout_long_grid, infiniplex_staircase_diamond,
          nicolae_concentric_dashed_squares_mild, uniq_nessos

Skill      XL: |  1  2  3  4  5  6  7  8  9 10 11 12 |
---------------+-------------------------------------+-----
Axes           | 4 5 6 7 8 9 10 12 13 | 13.5
Fighting       | 4 5 6 7 8 9 11 12 13 | 13.6
Armour         | 3 4 5 6 7 9 10 11 13 | 13.2
Shields        | 1 2 4 6 8 10 11 | 11.7
Dodging        | 4 5 6 7 |  7.8

Action                     |  1- 3 |  4- 6 |  7- 9 | 10-12 | 13-15 || total
---------------------------+-------+-------+-------+-------+-------++-------
  Melee: Hand axe          |    94 |    25 |       |       |       ||   119
         Headbutt          |    10 |    15 |    44 |   113 |     5 ||   187
         War axe           |       |    59 |   258 |   503 |    15 ||   835
 Invoke: Berserk           |       |     1 |     2 |     7 |     1 ||    11
         Trog's Hand       |       |     1 |     3 |     2 |     1 ||     7
    Use: Scroll            |     4 |     7 |     4 |    14 |       ||    29
         Potion            |       |     2 |     2 |       |     5 ||     9
   Stab: Distracted        |     1 |       |       |       |       ||     1
 Armour: Animal skin       |    41 |       |       |       |       ||    41
         Plate armour      |    17 |   106 |   236 |   310 |    31 ||   700
  Dodge: Dodged            |    55 |    44 |    81 |   132 |    17 ||   329
  Block: Kite shield       |       |    18 |   205 |   403 |    35 ||   661

Table legend: (Time is in decaauts)
 A = Elapsed time spent in this place.
 B = Non-inter-level travel time spent in this place.
 C = Inter-level travel time spent in this place.
 D = Time resting spent in this place.
 E = Time spent auto-exploring this place.
 F = Levels seen in this place.
 G = Mean time per level.
                   A        B        C        D        E       F      G
               +--------+--------+--------+--------+--------+-----+--------+
         Total |  12396 |  12245 |    151 |    613 |   8884 |  15 |  826.4 |
       Dungeon |  11943 |  11792 |    151 |    608 |   8633 |  14 |  853.1 |
        Bailey |    453 |    453 |      0 |      4 |    251 |   1 |  453.0 |
               +--------+--------+--------+--------+--------+-----+--------+

Top non-repeatable levels by time:
     D:4: 1500 daAuts
    D:13: 1057 daAuts
     D:7: 1030 daAuts
    D:12: 1030 daAuts
     D:6: 1009 daAuts
    D:11: 991 daAuts
     D:5: 909 daAuts
     D:8: 816 daAuts
    D:10: 684 daAuts
     D:2: 632 daAuts
     D:9: 616 daAuts
     D:3: 612 daAuts
    D:14: 584 daAuts
     D:1: 466 daAuts
  Bailey: 453 daAuts
